AoeStats
← Fede_II

Arabia

507826086Analyzed
2v2 RM · 12d ago on Sep 19, 2026· 34m 36s· 4 players
Game mode
Random Map
Map size
Medium (4 player)
Population
200
Speed
Normal
Resources
Standard
Victory
Conquest
Starting age
Dark Age
Ending age
Imperial Age
RankedLock teamsTeams togetherTeam positionsShared explorationLock speedFull tech treeHidden civsTurbo modeCheats
Victory
Defeat
🇦🇷 Italians · Argentina
1157
+13
🇺🇸 Burgundians · United States
1093
+16
🇲🇽 Jurchens · Mexico
1099
-15
🇨🇭 Romans · Switzerland
1069
-14
Aragorn55
10:13 Feudal Age
9:41 Loom
19:18 Double-Bit Axe
25:23 Castle Age
23:30 Horse Collar
24:30 Scale Barding Armor
24:36 Forging
25:56 Pikeman
27:50 Bow Saw
27:14 Elite Skirmisher
30:07 Bloodlines
29:58 Husbandry
29:19 Light Cavalry
Fede_II
7:35 Loom
10:25 Feudal Age
11:21 Double-Bit Axe
16:29 Horse Collar
19:52 Castle Age
17:54 Gold Mining
18:25 Scale Mail Armor
19:11 Bloodlines
21:48 Town Watch
23:00 Scale Barding Armor
23:06 Forging
28:48 Iron Casting
CapnHappy
7:52 Loom
9:59 Feudal Age
9:14 Double-Bit Axe
12:16 Bow Saw
17:37 Horse Collar
18:42 Heavy Plow
23:29 Castle Age
22:04 Scale Barding Armor
22:11 Forging
22:23 Gold Mining
27:53 Husbandry
WassapDude94
6:43 Loom
9:11 Feudal Age
10:48 Wheelbarrow
13:21 Double-Bit Axe
15:30 Horse Collar
17:58 Town Watch
19:10 Fletching
24:32 Castle Age
22:52 Padded Archer Armor
23:22 Gold Mining
24:52 Crossbowman
25:38 Thumb Ring
25:31 Bodkin Arrow
26:21 Leather Archer Armor
27:26 Ballistics
28:36 Hand Cart
28:24 Town Patrol
31:29 Scale Barding Armor
31:34 Forging
31:46 Bow Saw
37:19 Imperial Age
Connection lost

Rejoining the realm…

Still unreachable

The connection could not be restored.

Session expired

The server has moved on; the page needs a fresh start.